PUBA
BETHESDA GAMERS @ KENTUCKY ROCKETS
08/15/1972
 
TOP OF THE 1ST
Bethesda Gamers batting - Pitching for Kentucky Rockets : RHP Quinn Duarte
Pitching: RHP Quinn Duarte
Batting: LHB Denny Doyle 0-0: Ball
1-0: Ground out 6-3 (Groundball, 6, EV 86.3 MPH)
Batting: RHB Tim McGuire 0-0: Called Strike
0-1: Called Strike
0-2: Ball
1-2: DOUBLE (Line Drive, 5D, EV 93.8 MPH)
Batting: LHB Matthew Barrett 0-0: Ball
1-0: Ball
2-0: Called Strike
2-1: Ball
3-1: Foul Ball, location: 3SF
3-2: Base on Balls
Batting: LHB Reginald Case 0-0: Ball
1-0: Ball
2-0: Swinging Strike
2-1: Swinging Strike
2-2: Strikes out looking
Batting: RHB Edison Barton 0-0: Called Strike
0-1: Ball
1-1: Ground out 4-3 (Groundball, 4MD, EV 94.4 MPH)
Top of the 1st over - 0 runs, 1 hit, 0 errors, 2 left on base; Bethesda 0 - Kentucky 0
BOTTOM OF THE 1ST
Kentucky Rockets batting - Pitching for Bethesda Gamers : RHP John McDonald
Pitching: RHP John McDonald
Batting: RHB Kevin Smith 0-0: Foul Ball, location: 2LF
0-1: Ball
1-1: Ball
2-1: Ball
3-1: Base on Balls
Batting: RHB Terry Martin 0-0: Called Strike
Kevin Smith steals 2nd base (no throw)
0-1: Ball
1-1: Fly out, F2 (Popup, 2R, EV 88.1 MPH)
Batting: LHB Mike Baker 0-0: SINGLE (Groundball, 34D, EV 101.3 MPH)
Kevin Smith to third
Runner from 3rd tries for Home, throw by RF and OUT! 9-2
Mike Baker to second
Batting: RHB Earl Frisella 0-0: Called Strike
0-1: Foul Ball, location: 5F
0-2: SINGLE (Groundball, 34D, EV 94.4 MPH)
Mike Baker to third
Batting: SHB José García 0-0: Called Strike
0-1: Ball
1-1: Foul Ball, location: 2F
1-2: Foul Ball, location: 5F
1-2: Strikes out looking
Bottom of the 1st over - 0 runs, 2 hits, 0 errors, 2 left on base; Bethesda 0 - Kentucky 0
TOP OF THE 2ND
Bethesda Gamers batting - Pitching for Kentucky Rockets : RHP Quinn Duarte
Batting: LHB José Velázquez 0-0: Ball
1-0: Ball
2-0: Ball
3-0: Base on Balls
Batting: LHB Jim Spencer 0-0: Called Strike
0-1: Ball
1-1: Called Strike
1-2: Strikes out swinging
Batting: RHB Bob Heise 0-0: Ball
1-0: Called Strike
1-1: Ball
2-1: Foul Ball, location: 2F
2-2: Foul Ball, location: 2F
2-2: Foul Ball, location: 2F
2-2: Foul Ball, location: 2F
2-2: Foul Ball, location: 25FF
2-2: Strikes out looking
Batting: SHB Vincent Hilton 0-0: Foul Ball, location: 7LSF
0-1: Foul Ball, location: 7LDF
0-2: Strikes out swinging
Top of the 2nd over - 0 runs, 0 hits, 0 errors, 1 left on base; Bethesda 0 - Kentucky 0
BOTTOM OF THE 2ND
Kentucky Rockets batting - Pitching for Bethesda Gamers : RHP John McDonald
Batting: RHB Oscar Brown 0-0: Ball
1-0: Ball
2-0: Called Strike
2-1: Foul Ball, location: 9LMF
2-2: Strikes out swinging
Batting: SHB Jesús Ruíz 0-0: Ball
1-0: Ball
2-0: Called Strike
2-1: Called Strike
2-2: Fly out, F8 (Line Drive, 8RD, EV 86.3 MPH)
Batting: RHB Leslie Edwards 0-0: Ball
1-0: Ground out 6-3 (Groundball, 6, EV 85.0 MPH)
Bottom of the 2nd over - 0 runs, 0 hits, 0 errors, 0 left on base; Bethesda 0 - Kentucky 0
TOP OF THE 3RD
Bethesda Gamers batting - Pitching for Kentucky Rockets : RHP Quinn Duarte
Batting: LHB Denny Doyle 0-0: Ball
1-0: SOLO HOME RUN (Flyball, 89XD, EV 111.3 MPH), Distance : 423 ft
Batting: RHB Tim McGuire 0-0: Ball
1-0: Ball
2-0: Called Strike
2-1: Ground out 6-3 (Groundball, 56, EV 85.0 MPH)
Batting: LHB Matthew Barrett 0-0: Ball
1-0: Ball
2-0: Foul Ball, location: 7LDF
2-1: Ball
3-1: Base on Balls
Batting: LHB Reginald Case 0-0: Ball
1-0: Ball
2-0: Foul Ball, location: 7LSFF
2-1: Fly out, F7 (Flyball, 7D, EV 91.3 MPH)
Batting: RHB Edison Barton 0-0: Ball
1-0: Swinging Strike
1-1: Foul Ball, location: 25FF
1-2: Strikes out looking
Top of the 3rd over - 1 run, 1 hit, 0 errors, 1 left on base; Bethesda 1 - Kentucky 0
BOTTOM OF THE 3RD
Kentucky Rockets batting - Pitching for Bethesda Gamers : RHP John McDonald
Batting: LHB Ed Crosby 0-0: Ball
1-0: Foul Ball, location: 7LMF
1-1: Ball
2-1: SINGLE (Groundball, 5D, EV 103.8 MPH)
Batting: RHB Kevin Smith 0-0: Ball
1-0: Ball
2-0: Foul Ball, location: 5F
2-1: Ball
3-1: Sac Bunt to 25 - play at first, batter OUT! 5-3
Ed Crosby to second
Batting: RHB Terry Martin 0-0: Swinging Strike
0-1: Ball
1-1: Foul Ball, location: 5F
1-2: Foul Ball, location: 23FF
1-2: DOUBLE (Line Drive, 89D, EV 98.1 MPH)
Ed Crosby scores
Batting: LHB Mike Baker 0-0: Ball
1-0: Swinging Strike
1-1: Foul Ball, location: 3F
1-2: Ball
2-2: Foul Ball, location: 2F
2-2: Ball
3-2: Foul Ball, location: 2F
3-2: Fly out, F8 (Flyball, 78S, EV 77.5 MPH)
Batting: RHB Earl Frisella 0-0: Called Strike
0-1: Foul Ball, location: 2F
0-2: Foul Ball, location: 2F
0-2: Ball
1-2: Ball
2-2: Ground out 5-3 (Groundball, 56, EV 99.4 MPH)
Bottom of the 3rd over - 1 run, 2 hits, 0 errors, 1 left on base; Bethesda 1 - Kentucky 1
TOP OF THE 4TH
Bethesda Gamers batting - Pitching for Kentucky Rockets : RHP Quinn Duarte
Batting: LHB José Velázquez 0-0: Foul Ball, location: 2F
0-1: Ball
1-1: Ball
2-1: Ball
3-1: Called Strike
3-2: Strikes out swinging
Batting: LHB Jim Spencer 0-0: Called Strike
0-1: Ball
1-1: Ball
2-1: Ball
3-1: Base on Balls
Batting: RHB Bob Heise 0-0: Swinging Strike
0-1: SINGLE (Groundball, 3D, EV 110.0 MPH)
Jim Spencer to second
Throwing error, E9
Jim Spencer scores
Bob Heise to second
Batting: SHB Vincent Hilton 0-0: Ball
1-0: Swinging Strike
1-1: Ball
2-1: Ball
3-1: Called Strike
3-2: Fly out, F5 (Popup, 5, EV 79.4 MPH)
Batting: LHB Denny Doyle 0-0: Ball
1-0: Called Strike
1-1: Called Strike
1-2: Ball
2-2: Ball
3-2: Base on Balls
Batting: RHB Tim McGuire 0-0: Ball
Wild Pitch!
Bob Heise to third
Denny Doyle to second
1-0: Ground out 6-3 (Groundball, 6, EV 86.3 MPH)
Top of the 4th over - 1 run, 1 hit, 1 error, 2 left on base; Bethesda 2 - Kentucky 1
BOTTOM OF THE 4TH
Kentucky Rockets batting - Pitching for Bethesda Gamers : RHP John McDonald
Batting: SHB José García 0-0: Ball
1-0: Ball
2-0: Ball
3-0: Called Strike
3-1: Swinging Strike
3-2: Foul Ball, location: 7LMF
3-2: Strikes out looking
Batting: RHB Oscar Brown 0-0: Foul Ball, location: 9LMF
0-1: Foul Ball, location: 2F
0-2: Strikes out swinging
Batting: SHB Jesús Ruíz 0-0: SINGLE (Groundball, 6MD, EV 110.0 MPH)
Batting: RHB Leslie Edwards 0-0: Ball
1-0: Called Strike
1-1: Ball
2-1: Foul Ball, location: 3SF
2-2: Strikes out swinging
Bottom of the 4th over - 0 runs, 1 hit, 0 errors, 1 left on base; Bethesda 2 - Kentucky 1
TOP OF THE 5TH
Bethesda Gamers batting - Pitching for Kentucky Rockets : RHP Quinn Duarte
Batting: LHB Matthew Barrett 0-0: Ball
1-0: SINGLE (Groundball, 34D, EV 105.0 MPH)
Batting: LHB Reginald Case 0-0: Called Strike
0-1: Ball
1-1: Fly out, F7 (Flyball, 78M, EV 86.3 MPH)
Batting: RHB Edison Barton 0-0: Swinging Strike
0-1: Ball
1-1: Ball
2-1: DOUBLE (Flyball, 9LD, EV 90.6 MPH)
Matthew Barrett to third
Batting: LHB José Velázquez 0-0: Called Strike
0-1: Ball
1-1: Called Strike
1-2: Strikes out swinging
Batting: LHB Jim Spencer 0-0: Ball
1-0: Foul Ball, location: 2F
1-1: Ball
2-1: Fly out, F4 (Flyball, 34D, EV 100.0 MPH)
Top of the 5th over - 0 runs, 2 hits, 0 errors, 2 left on base; Bethesda 2 - Kentucky 1
BOTTOM OF THE 5TH
Kentucky Rockets batting - Pitching for Bethesda Gamers : RHP John McDonald
Batting: LHB Ed Crosby 0-0: Called Strike
0-1: Fly out, F8 (Flyball, 8LD, EV 93.1 MPH)
Batting: RHB Kevin Smith 0-0: Ball
1-0: Ball
2-0: Ball
3-0: Foul Ball, location: 25F
3-1: Base on Balls
Batting: RHB Terry Martin 0-0: Called Strike
Kevin Smith steals 2nd base
0-1: Ball
1-1: Foul Ball, location: 7LSF
1-2: Foul Ball, location: 2F
1-2: SINGLE (Line Drive, 7LS, EV 88.8 MPH)
Kevin Smith to third
Batting: LHB Mike Baker 0-0: Ball
1-0: SINGLE (Groundball, 34S, EV 67.5 MPH) (infield hit)
Terry Martin to second
Batting: RHB Earl Frisella 0-0: Foul Ball, location: 9LMF
0-1: Ball
1-1: Foul Ball, location: 9LMF
1-2: Ball
2-2: SINGLE (Line Drive, 6D, EV 94.4 MPH)
Kevin Smith scores
Terry Martin to third
Mike Baker to second
Batting: SHB José García 0-0: Foul Ball, location: 7LMF
0-1: Called Strike
0-2: Ball
1-2: Foul Ball, location: 9LSF
1-2: Ball
2-2: Foul Ball, location: 7LSF
2-2: Ball
3-2: Grounds into fielders choice 6-2 (Groundball, 6, EV 87.5 MPH)
Mike Baker to third
Earl Frisella to second
Batting: RHB Oscar Brown 0-0: Ball
1-0: SINGLE (Line Drive, 89M, EV 109.4 MPH)
Mike Baker scores
Earl Frisella to third
José García to second
Throwing error, E8
Earl Frisella scores
José García to third
Oscar Brown to second
Batting: SHB Jesús Ruíz 0-0: Called Strike
0-1: Ball
1-1: SINGLE (Groundball, 4MS, EV 83.8 MPH) (infield hit)
José García scores
Oscar Brown to third
Batting: RHB Leslie Edwards 0-0: Called Strike
0-1: TRIPLE (Groundball, 3L, EV 102.5 MPH)
Oscar Brown scores
Jesús Ruíz scores
Pitching: LHP Alfonso Medrano
Batting: LHB Ed Crosby 0-0: Called Strike
0-1: Ball
1-1: Foul Ball, location: 3SF
1-2: Ball
2-2: Strikes out looking
Bottom of the 5th over - 6 runs, 6 hits, 1 error, 1 left on base; Bethesda 2 - Kentucky 7
TOP OF THE 6TH
Bethesda Gamers batting - Pitching for Kentucky Rockets : RHP Quinn Duarte
Batting: RHB Bob Heise 0-0: Swinging Strike
0-1: Swinging Strike
0-2: Ball
1-2: Strikes out looking
Batting: SHB Vincent Hilton 0-0: Called Strike
0-1: Ball
1-1: Foul Ball, location: 7LSF
1-2: Foul Ball, location: 7LSF
1-2: Foul Ball, location: 2F
1-2: Ball
2-2: Ball
3-2: Foul Ball, location: 2F
3-2: Strikes out swinging
Batting: LHB Denny Doyle 0-0: Ball
1-0: Ball
2-0: Called Strike
2-1: SOLO HOME RUN (Flyball, 89XD, EV 96.9 MPH), Distance : 374 ft
Batting: RHB Tim McGuire 0-0: Called Strike
0-1: Foul Ball, location: 2F
0-2: Strikes out swinging
Top of the 6th over - 1 run, 1 hit, 0 errors, 0 left on base; Bethesda 3 - Kentucky 7
BOTTOM OF THE 6TH
Kentucky Rockets batting - Pitching for Bethesda Gamers : LHP Alfonso Medrano
Batting: RHB Kevin Smith 0-0: Swinging Strike
0-1: Ground out 6-3 (Groundball, 56, EV 105.0 MPH)
Batting: RHB Terry Martin 0-0: Called Strike
0-1: Called Strike
0-2: Ground out 6-3 (Groundball, 56, EV 85.0 MPH)
Batting: LHB Mike Baker 0-0: Called Strike
0-1: DOUBLE (Groundball, 3L, EV 101.3 MPH)
Batting: RHB Earl Frisella 0-0: Ball
1-0: Ball
2-0: Ball
3-0: Called Strike
3-1: Base on Balls
Batting: SHB José García 0-0: Foul Ball, location: 23FF
0-1: Swinging Strike
0-2: Fly out, F8 (Flyball, 8RM, EV 80.0 MPH)
Bottom of the 6th over - 0 runs, 1 hit, 0 errors, 2 left on base; Bethesda 3 - Kentucky 7
TOP OF THE 7TH
Bethesda Gamers batting - Pitching for Kentucky Rockets : RHP Quinn Duarte
Pitching: RHP Cy Acosta
Batting: LHB Matthew Barrett 0-0: Called Strike
0-1: Swinging Strike
0-2: SINGLE (Groundball, 4MD, EV 108.8 MPH)
Batting: LHB Reginald Case 0-0: Ball
Wild Pitch!
Matthew Barrett to second
1-0: Swinging Strike
1-1: Foul Ball, location: 2F
1-2: Strikes out swinging
Batting: RHB Edison Barton 0-0: Called Strike
0-1: Called Strike
0-2: Ball
1-2: Fly out, F8 (Line Drive, 8RD, EV 93.8 MPH)
Batting: LHB José Velázquez 0-0: Called Strike
0-1: Ground out 5-3 (Groundball, 56, EV 80.6 MPH)
Top of the 7th over - 0 runs, 1 hit, 0 errors, 1 left on base; Bethesda 3 - Kentucky 7
BOTTOM OF THE 7TH
Kentucky Rockets batting - Pitching for Bethesda Gamers : LHP Alfonso Medrano
Batting: RHB Oscar Brown 0-0: Ball
1-0: Ball
2-0: Called Strike
2-1: DOUBLE (Flyball, 7LD, EV 93.8 MPH)
Batting: SHB Jesús Ruíz 0-0: Ball
1-0: Called Strike
1-1: Ball
2-1: SINGLE (Groundball, 3D, EV 97.5 MPH)
Oscar Brown to third
Batting: RHB Leslie Edwards 0-0: Foul Ball, location: 23FF
0-1: Ball
1-1: Swinging Strike
1-2: Ball
2-2: Strikes out swinging
Batting: LHB Ed Crosby 0-0: Called Strike
0-1: Called Strike
0-2: Ball
1-2: Ball
2-2: Strikes out swinging
Batting: RHB Kevin Smith 0-0: Ball
1-0: Fly out, F8 (Flyball, 8LD, EV 94.4 MPH)
Bottom of the 7th over - 0 runs, 2 hits, 0 errors, 2 left on base; Bethesda 3 - Kentucky 7
TOP OF THE 8TH
Bethesda Gamers batting - Pitching for Kentucky Rockets : RHP Cy Acosta
Batting: LHB Jim Spencer 0-0: Swinging Strike
0-1: Swinging Strike
0-2: Strikes out swinging
Batting: RHB Bob Heise 0-0: Ball
1-0: Foul Ball, location: 3FF
1-1: SINGLE (Groundball, 4MS, EV 65.0 MPH) (infield hit)
Batting: SHB Vincent Hilton 0-0: Called Strike
0-1: Swinging Strike
0-2: Strikes out swinging
Batting: LHB Denny Doyle 0-0: Foul Ball, location: 3F
0-1: Ball
1-1: Swinging Strike
1-2: SINGLE (Line Drive, 4M, EV 105.0 MPH)
Bob Heise to second
Batting: RHB Tim McGuire 0-0: SINGLE (Groundball, 6MD, EV 109.4 MPH)
Bob Heise to third
Denny Doyle to second
Runner from 3rd tries for Home, SAFE, throw by CF to home
Pitching: LHP Clayton Teague
Batting: LHB Matthew Barrett 0-0: SINGLE (Line Drive, 6D, EV 97.5 MPH)
Denny Doyle to third
Tim McGuire to second
Batting: LHB Reginald Case 0-0: Foul Ball, location: 2F
0-1: Ball
1-1: Foul Ball, location: 7LMF
1-2: Ball
2-2: Strikes out swinging
Top of the 8th over - 1 run, 4 hits, 0 errors, 3 left on base; Bethesda 4 - Kentucky 7
BOTTOM OF THE 8TH
Kentucky Rockets batting - Pitching for Bethesda Gamers : LHP Alfonso Medrano
Batting: RHB Terry Martin 0-0: Ball
1-0: SINGLE (Line Drive, 56, EV 97.5 MPH)
Pitching: RHP Roy Williamson
Batting: LHB Mike Baker 0-0: Ball
1-0: Ball
2-0: Ball
3-0: Called Strike
3-1: Base on Balls
Terry Martin to second
Batting: RHB Earl Frisella 0-0: Called Strike
0-1: Fly out, F6 (Popup, 6MS, EV 65.6 MPH)
Batting: SHB José García 0-0: Ball
1-0: Ball
2-0: Ball
3-0: Called Strike
3-1: Called Strike
3-2: Strikes out swinging
Batting: RHB Oscar Brown 0-0: Ground out 4-3 (Groundball, 4, EV 105.6 MPH)
Bottom of the 8th over - 0 runs, 1 hit, 0 errors, 2 left on base; Bethesda 4 - Kentucky 7
TOP OF THE 9TH
Bethesda Gamers batting - Pitching for Kentucky Rockets : LHP Clayton Teague
Batting: RHB Edison Barton 0-0: Ball
1-0: Swinging Strike
1-1: Foul Ball, location: 2F
1-2: Strikes out swinging
Batting: LHB José Velázquez 0-0: Ball
1-0: Swinging Strike
1-1: Called Strike
1-2: Strikes out swinging, 2-3 out at first.
Batting: LHB Jim Spencer 0-0: Called Strike
0-1: Swinging Strike
0-2: Strikes out swinging
Top of the 9th over - 0 runs, 0 hits, 0 errors, 0 left on base; Bethesda 4 - Kentucky 7
Tuesday, April 23rd , 2024 - OOTP Baseball 24.8 Build 75